Map: Dédale EC

Players

Alligatorrr

  • Race: Zerg Zerg
  • League: Diamond
  • Spawn Location: 1:00

HoldTheDoor - Winner!

  • Race: Protoss Protoss
  • League: Diamond
  • Spawn Location: 7:00

VOD

Have the link to the VOD?

Description

Time

  • Played on: July 16, 2018, 8:35 a.m.
  • Length: 10:12
Show
View Real Time Build Order
Export as new Build Order

Alligatorrr Zerg 

Build Orders: Hatch First 

Get SALT Encoding   

  12  0:01  Drone  
  13  0:14  Overlord  
  13  0:17  Drone  
  14  0:32  Drone x2  
  16  0:36  Drone  
  17  0:52  Hatchery  
  17  0:55  Drone  
  17  1:04  Drone  
  18  1:11  Extractor  
  17  1:15  Spawning Pool  
  17  1:17  Drone  
  17  1:21  Drone  
  18  1:30  Drone  
  19  1:42  Overlord  
  19  2:02  Queen  
  19  2:04  Queen  
  23  2:09  Zergling x2  
  23  2:11  Drone x2  
  23  2:13  Drone  
  27  2:15  Metabolic Boost  
  27  2:17  Drone  
  28  2:24  Drone  
  29  2:39  Drone  
  29  2:40  Drone x2  
  32  2:45  Overlord  
  32  2:57  Zergling x4  
  34  3:00  Hatchery  
  33  3:09  Drone  
  33  3:10  Drone x2  
  36  3:13  Drone x2  
  36  3:14  Drone x2  
  36  3:15  Overlord  
  36  3:18  Drone  
  41  3:25  Drone  
  41  3:26  Overlord  
  42  3:30  Queen  
  44  3:34  Drone x2  
  46  3:43  Drone  
  46  3:44  Drone  
  48  4:02  Extractor, Drone x2  
  50  4:03  Drone x2  
  50  4:04  Baneling Nest  
  50  4:05  Lair  
  52  4:12  Queen  
  52  4:18  Drone x4  
  52  4:19  Drone  
  56  4:39  Drone x4  
  56  4:41  Overlord x2  
  60  4:49  Overlord  
  60  4:59  Drone  
  61  5:00  Drone x4  
  65  5:09  Extractor, Hydralisk Den, Evolution Chamber x2, Drone x6  
  65  5:12  Drone  
  65  5:13  Extractor  
  67  5:16  Drone  
  67  5:39  Hydralisk  
  67  5:40  Hydralisk  
  67  5:41  Hydralisk x6  
  67  5:42  Zergling x2  
  82  5:43  Zergling x2  
  79  5:55  Drone x3  
  82  5:59  Grooved Spines  
  82  6:03  Overlord x2  
  82  6:04  Overlord x5  
  82  6:08  Zerg Missile Weapons Level 1  
  82  6:14  Extractor x2  
  82  6:15  Spore Crawler  
  82  6:17  Spine Crawler, Drone x3  
  81  6:23  Baneling  
  81  6:24  Baneling x5  
  81  6:30  Hydralisk  
  83  6:33  Zergling x2  
  83  6:34  Zergling x8  
  86  6:49  Zergling x2  
  86  6:50  Zergling x12  
  93  6:55  Zergling x2  
  93  6:56  Zergling x8  
  93  7:13  Zergling x8  
  93  7:14  Zergling x2  
  89  7:16  Baneling x9  
  89  7:20  Zerg Melee Weapons Level 1  
  88  7:26  Centrifical Hooks  
  63  7:49  Hydralisk x3  
  63  7:50  Hydralisk  
  71  7:54  Hatchery, Drone  
  71  7:55  Hatchery  
  70  7:59  Zergling x6  
  73  8:10  Zergling x4  
  75  8:16  Queen  
  77  8:23  Overseer  
  77  8:30  Muscular Augments  
  77  8:33  Overseer  
  77  8:48  Baneling x10  
  75  8:50  Hydralisk  
  75  8:53  Zergling x2  
  75  8:54  Zergling x12  
  69  9:12  Zergling x2  
  69  9:13  Zergling x8  
  62  9:19  Zergling x2  
  62  9:20  Zergling x2  
  57  9:28  Zergling x12  
  57  9:29  Zergling x2  
  62  9:34  Baneling x2  
  62  9:35  Baneling x5  
  49  9:47  Hydralisk  
  49  9:48  Hydralisk  
Show
View Real Time Build Order
Export as new Build Order

HoldTheDoor Protoss - Winner!

Build Orders: 1 Gate Expand 

Get SALT Encoding   

  12  0:01  Probe  
  13  0:13  Probe  
  14  0:20  Pylon  
  14  0:25  Probe  
  15  0:37  Probe  
  15  0:42  Gateway  
  16  0:45  Assimilator, Probe  
  17  0:53  Probe  
  18  1:04  Probe  
  19  1:24  Nexus  
  19  1:33  Cybernetics Core  
  19  1:38  Probe  
  20  1:43  Assimilator  
  20  1:50  Probe  
  20  1:53  Pylon  
  21  2:02  Probe  
  22  2:14  Probe  
  23  2:20  Adept  
  23  2:21  Warp Gate  
  25  2:25  Pylon  
  25  2:26  Probe  
  26  2:35  Twilight Council  
  26  2:37  Probe  
  26  2:38  Probe  
  28  2:48  Sentry  
  28  2:49  Probe  
  31  2:52  Probe  
  32  2:59  Gateway  
  32  3:01  Probe  
  32  3:04  Probe  
  34  3:13  Robotics Facility  
  34  3:18  Adept  
  36  3:28  Probe  
  36  3:30  Probe  
  36  3:32  Resonating Glaives  
  38  3:38  Gateway  
  38  3:43  Probe  
  39  3:49  Pylon  
  39  3:56  Probe  
  39  4:00  Pylon  
  40  4:04  Pylon  
  40  4:07  Gateway  
  40  4:11  Gateway  
  40  4:12  Warp Prism  
  42  4:18  Probe  
  43  4:27  Sentry x2  
  43  4:30  Probe  
  43  4:31  Probe  
  49  4:39  Immortal, Adept  
  49  4:43  Probe  
  52  4:47  Probe  
  57  4:56  Adept x2  
  61  5:00  Probe  
  62  5:07  Pylon  
  62  5:10  Gateway  
  62  5:12  Gateway  
  62  5:17  Pylon  
  62  5:19  Gateway  
  62  5:20  Immortal  
  66  5:29  Probe x2  
  68  5:55  Adept x5  
  78  6:06  Pylon  
  78  6:08  Pylon  
  78  6:09  Pylon  
  78  6:11  Pylon  
  78  6:13  Pylon  
  78  6:15  Pylon  
  78  6:20  Pylon, Gateway  
  78  6:22  Pylon  
  78  6:30  Adept  
  78  6:31  Adept x5  
  78  6:32  Adept x2  
  94  6:51  Adept x2  
  94  6:52  Adept x5  
  108  7:08  Warp Prism  
  52  7:41  Adept  
  52  7:42  Adept x6  
  52  7:43  Adept  
  68  7:45  Immortal  
  68  8:01  Sentry  
  68  8:02  Sentry  
  72  8:07  Zealot  
  72  8:08  Zealot x3  
  72  8:09  Zealot x3  
  72  8:11  Immortal  
  86  8:25  Assimilator  
  90  8:28  Assimilator  
  90  8:34  Zealot x5  
  92  8:35  Zealot x3  
  88  9:13  Adept  
  88  9:14  Adept x6  
  88  9:15  Adept x2  
  76  9:48  Adept x3  
  76  9:49  Adept x5  
  76  9:50  Adept  
Tags
 
Add a new tag
Caveats
  • Supply blocks, unpowered buildings, or Contaminate may cause inaccurate times.
  • Supply counts are checked every 10 seconds.